 Dungeon Crawl Stone Soup version 0.29-a0-563-g64e4043184 (webtiles) character file.

Game seed: 3852034017260014914

103 spaghetti the Chopper (level 4, -2/35 HPs)
             Began as a Demonspawn Abyssal Knight on June 12, 2022.
             Was a Priest of Lugonu.
             Slain by Menkaure (18 damage)
             ... on level 4 of the Dungeon.
             The game lasted 00:02:53 (2848 turns).

spaghetti the Chopper (Demonspawn Abyssal Knight)   Turns: 2848, Time: 00:02:54

Health: -2/35      AC:  7    Str: 16    XL:     4   Next: 51%
Magic:  5/5        EV: 11    Int: 11    God:    Lugonu [***...]
Gold:   168        SH:  0    Dex: 13    Spells: 3/3 levels left

rFire   + . .      SeeInvis .   a - +1 hand axe {axe}
rCold   . . .      Faith    .   (no shield)
rNeg    . . .      Spirit   .   b - +0 leather armour
rPois   .          Reflect  .   (helmet restricted)
rElec   .          Harm     .   (no cloak)
rCorr   .          Rampage  .   m - +1 pair of gloves
Will    +....                   (no boots)
Stlth   +.........              (no amulet)
HPRegen 0.11/turn               i - ring of protection from fire
MPRegen 0.09/turn               p - ring of willpower

@: hasted, very quick
A: horns 1, yellow scales 1
a: Renounce Religion, Depart the Abyss, Bend Space, Banish


You were on level 4 of the Dungeon.
You worshipped Lugonu.
Lugonu was most pleased with you.
You visited 1 branch of the dungeon, and saw 4 of its levels.
You visited the Abyss 1 time.

You collected 168 gold pieces.


Innate Abilities, Weirdness & Mutations

You have a pair of small horns on your head.
You are partially covered in yellow scales. (AC +2)


   Skills:
 - Level 3.0 Fighting
 + Level 4.4 Axes
 - Level 1.7 Armour
 - Level 0.8 Dodging
 - Level 2.4 Invocations


You had 3 spell levels left.
You didn't know any spells.
Your spell library contained the following spells:

 Spells                   Type           Power      Damage    Failure   Level
 Apportation              Tloc           0%         N/A       41%         1
 Necrotize                Necr           0%         1d4       41%         1
 Summon Small Mammal      Summ           0%         N/A       41%         1
 Inner Flame              Hex/Fire       0%         N/A       78%         3
 Cause Fear               Hex            0%         N/A       99%         4
 Discord                  Hex            0%         N/A       100%        8

Inventory:

Hand Weapons
 a - a +1 hand axe (weapon) {axe}
 u - a +3 dagger {short}
   (You took it off a goblin on level 3 of the Dungeon)
Missiles
 d - 128 stones {throwing}
 f - 5 boomerangs {throwing}
 h - 12 poisoned darts {throwing}
Armour
 b - a +0 leather armour (worn)
 m - a +1 pair of gloves (worn)
   (You found it on level 2 of the Dungeon)
Magical Staves
 k - a staff of air {!astaff}
   (You found it on level 2 of the Dungeon)
Jewellery
 i - a ring of protection from fire (left hand)
   (You found it on level 1 of the Dungeon)
 p - a ring of willpower (right hand)
   (You found it on level 2 of the Dungeon)
Scrolls
 g - a scroll of identify {unknown}
 j - 2 scrolls of noise {unknown}
 l - 2 scrolls of vulnerability {unknown}
 n - a scroll of immolation {unknown}
 q - a scroll of blinking {unknown}
 r - a scroll of amnesia {unknown}
 t - a scroll of fog {unknown}
 v - a scroll of teleportation {unknown}
Potions
 c - a potion of attraction {unknown}
 e - 4 potions of curing {@q1}
 o - a potion of haste {@q3}
 s - a potion of might {unknown}
 w - a potion of heal wounds {unknown}

Dungeon Overview and Level Annotations

Branches:
Dungeon (4/15)
 Temple: D:4-7

Altars:
Wu Jian

Annotations:
D:4 Menkaure

#. #.
#?### ...
... #.#
#.# #<#
#@#
#M.......
####.....
##.#


You could see Menkaure.


Message History

You are too injured to fight recklessly!
You are too injured to fight recklessly!
You are too injured to fight recklessly!
You are too injured to fight recklessly!
You are too injured to fight recklessly!
You are too injured to fight recklessly!
You are too injured to fight recklessly!
You are too injured to fight recklessly!
You are too injured to fight recklessly!
You are too injured to fight recklessly!
You are too injured to fight recklessly!
You are too injured to fight recklessly!
You are too injured to fight recklessly!
You are too injured to fight recklessly!
You are too injured to fight recklessly!
You slash the endoplasm!
You kill the endoplasm!
Lugonu accepts your kill.
You hit the goblin. The goblin closely misses you.
You slash the goblin!
You kill the goblin!
Lugonu accepts your kill.
You see here a +0 club {mace}. 😕 HP[+1] Key pressed, stopping explore.
An orc comes into view.
It is wielding a +0 morningstar. 😎 HP[+1]
Your hp is fully restored (35).
An orc is nearby!
An orc is nearby!
The orc shouts!
You enter the shallow water.
Moving in this stuff is going to be slow.
Your unstable footing causes you to fumble your attack.
You hit the orc.
The orc hits you with a +0 morningstar! 😮 HP[-9]
You take 9 damage, and now have 26/35 hp.
MASSIVE DAMAGE!! (PAUSE)
Your unstable footing causes you to fumble your attack.
The orc splashes around in the water.
You hit the orc. You headbutt the orc.
You kill the orc!
Lugonu accepts your kill.
You hear a splash.
Things that are here:
a +0 morningstar {mace}; an orc corpse Key pressed, stopping explore.
Key pressed, stopping explore.
w - a lumpy ruby potion 😎 HP[+9]
Your hp is fully restored (35).
You now have 164 gold pieces (gained 8).
Key pressed, stopping explore.
You now have 168 gold pieces (gained 4).
d - 104 stones {throwing} (gained 22)
e - 5 black potions (gained 1) Key pressed, stopping explore.
l - 2 scrolls labelled OMIRCH FACUIRCHE (gained 1)
An adder comes into view.
The adder hisses angrily.
The adder barely misses you.
You hit the adder. Your headbutt misses the adder. The adder barely misses you.
You closely miss the adder. You headbutt the adder!
You kill the adder!
Lugonu accepts your kill.
You see here an adder corpse.
d - 128 stones {throwing} (gained 24) Key pressed, stopping explore.
You see here a +0 dagger {short}.
Key pressed, stopping explore.
You see here a +0 dagger {short}.
Key pressed, stopping explore.
Done exploring.
Done exploring.
Done exploring.
(D) Dungeon
Where to? (Enter - D:3, ? - help)
There is a stone staircase leading up here.
There is a stone staircase leading down here.
You climb downwards.
Menkaure shouts!
There is a stone staircase leading up here.
Menkaure is nearby!
Unknown command.
Unknown command.
Menkaure is nearby!
Menkaure is nearby!
You hit Menkaure. Menkaure hits you!!
Ouch! That really hurt!
* * * LOW HITPOINT WARNING * * *
😨 HP[-22]
You take 22 damage, and now have 13/35 hp.
MASSIVE DAMAGE!! (PAUSE) It was a potion of haste.
You feel yourself speed up. Menkaure hits you.
* * * LOW HITPOINT WARNING * * *
😱 HP[-6]
You take 6 damage, and now have 7/35 hp.
It was a potion of curing.
You feel better. Menkaure hits you!!
Ouch! That really hurt!
You die...

Skill      XL: |  1  2  3  4 |
---------------+-------------+-----
Axes           | 2 3 4 |  4.4
Fighting       | |  3.0
Armour         | |  1.7
Dodging        | |  0.8
Invocations    | |  2.4

Action                   |  1- 3 |  4- 6 || total
-------------------------+-------+-------++-------
Melee: Hand axe          |    91 |    45 ||   136
       Punch             |     3 |       ||     3
       Headbutt          |       |     6 ||     6
  Use: Potion            |       |     2 ||     2
Armor: Leather armour    |    37 |    21 ||    58
Dodge: Dodged            |    74 |    33 ||   107

Levels and vault maps discovered:
D:1:      sevenhm_arrival_forest_fort_large_1, layout_loops_ring
D:2:      kennysheep_big_flooded_room, layout_rooms,
          shapermc_ecumenical_altar_totnotflames, basic_altar,
          minmay_crystal_water, kennysheep_jessica_study
D:3:      layout_rooms, lemuel_old_faithful
D:4:      layout_loops_cross, uniq_menkaure

Notes
Turn   | Place    | Note
-------+----------+-------------------------------------------
     0 | Abyss:1  | spaghetti the Demonspawn Abyssal Knight began the quest for
                  | the Orb.
     0 | Abyss:1  | Reached XP level 1. HP: 18/18 MP: 2/2
     0 | Abyss:1  | magus.rc [v1.9.6]
    54 | D:1      | You pass through the gate.
    54 | D:1      | Escaped the Abyss
   118 | D:1      | Reached skill level 2 in Axes
   373 | D:1      | Gained mutation: You are partially covered in yellow
                  | scales. (AC +2) [demonic ancestry]
   373 | D:1      | Reached XP level 2. HP: 24/24 MP: 3/3
   671 | D:1      | Reached skill level 3 in Axes
  1243 | D:2      | Reached XP level 3. HP: 23/29 MP: 4/4
  1244 | D:2      | Reached *** piety under Lugonu
  1319 | D:2      | You pick up a book of Cantrips and begin reading...
  1319 | D:2      | You add the spells Necrotize, Summon Small Mammal and
                  | Apportation to your library.
  1528 | D:2      | Noticed Jessica
  1534 | D:2      | Killed Jessica
  1620 | D:2      | Gained mutation: You have a pair of small horns on your
                  | head. [demonic ancestry]
  1620 | D:2      | Reached XP level 4. HP: 32/35 MP: 5/5
  1622 | D:2      | You pick up a book of Hexes and begin reading...
  1622 | D:2      | You add the spells Inner Flame, Cause Fear and Discord to
                  | your library.
  1708 | D:2      | Reached skill level 4 in Axes
  1911 | D:2      | Found an ornate altar of the Wu Jian Council.
  1986 | D:2      | Found a faded altar of an unknown god.
  2844 | D:4      | Noticed Menkaure
  2847 | D:4      | HP: 7/35 [Menkaure (6)]
  2848 | D:4      | Slain by Menkaure

Vanquished Creatures
  Jessica (D:2)
  2 adders
  A worm (D:2)
  An orc (D:3)
  2 bats (D:3)
  4 endoplasms
  A giant cockroach (D:2)
  5 goblins
  2 hobgoblins
  9 jackals
  2 quokkas (D:2)
  6 ball pythons
  3 frilled lizards (D:1)
  9 kobolds
  6 rats
54 creatures vanquished.

Table legend:
 A = Non-vault XP
 B = Vault XP
 C = Vault XP percentage of total XP
 D = Non-vault monster count
 E = Vault monster count
 F = Vault count percentage of total count
                 A         B        C        D         E       F
            +---------+---------+-------+---------+---------+-------
      Total |     102 |      46 |  31.1 |      46 |       8 |  14.8
            +---------+---------+-------+---------+---------+-------
        D:1 |      30 |       4 |  11.8 |      19 |       4 |  17.4
        D:2 |      40 |      42 |  51.2 |      15 |       4 |  21.1
        D:3 |      32 |       0 |   0.0 |      12 |       0 |   0.0
            +---------+---------+-------+---------+---------+-------

Illustrated notes

Table legend:
 A = Kills in this place as a percentage of kills in entire the game.
 B = Kills by you in this place as a percentage of kills by you in the entire game.
 C = Kills by friends in this place as a percentage of kills by friends in the entire game.
 D = Other kills in this place as a percentage of other kills in the entire game.
 E = Experience gained in this place as a percentage of experience gained in the entire game.
 F = Experience gained in this place divided by the number of levels of this place that you have seen.
                   A       B       C       D       E      F
               +-------+-------+-------+-------+-------+----------------------
         Total | 100.0 | 100.0 |   N/A |   N/A | 100.0 |  29.6
       Dungeon | 100.0 | 100.0 |   N/A |   N/A | 100.0 |  37.0
               +-------+-------+-------+-------+-------+----------------------

Table legend: (Time is in decaauts)
 A = Elapsed time spent in this place.
 B = Non-inter-level travel time spent in this place.
 C = Inter-level travel time spent in this place.
 D = Time resting spent in this place.
 E = Time spent auto-exploring this place.
 F = Levels seen in this place.
 G = Mean time per level.
                   A        B        C        D        E       F      G
               +--------+--------+--------+--------+--------+-----+--------+
         Total |   2875 |   2767 |    108 |      0 |   2379 |   5 |  575.0 |
       Dungeon |   2821 |   2713 |    108 |      0 |   2335 |   4 |  705.2 |
         Abyss |     54 |     54 |      0 |      0 |     44 |   1 |   54.0 |
               +--------+--------+--------+--------+--------+-----+--------+

Top non-repeatable levels by time:
     D:1: 1077 daAuts
     D:2: 1032 daAuts
     D:3: 707 daAuts
 Abyss:1: 54 daAuts
     D:4: 3 daAuts
